 Dungeon Crawl Stone Soup version 0.27-a0-760-gc38aae387d (webtiles) character file.

Game seed: 10753991719256420064

12084 tsouns the Fighter (level 11, -2/89 HPs)
             Began as a Djinni Earth Elementalist on Mar 25, 2021.
             Was an Elder of Ashenzari.
             Slain by an ice dragon (6 damage)
             ... on level 11 of the Dungeon.
             The game lasted 00:33:53 (16271 turns).

tsouns the Fighter (Djinni Earth Elementalist)     Turns: 16271, Time: 00:33:54

Health: -2/89      AC:  6    Str:  7    XL:     11   Next: 87%
Gold:   592        EV: 17    Int: 20    God:    Ashenzari [****..] SH:  6 Dex: 14

rFire    + . .     SeeInvis +   x - +2 whip "Lashed With Me" {elec, Melee, Fort} (curse)
rCold    . . .     Faith    .   I - +0 buckler
rNeg     . . .     Spirit   .   c - +0 robe of the Perceptive God {Cun, Self} (curse)
rPois    ∞         Reflect  .   q - +0 helmet of Ashenzari's Idealism {Range, Melee} (curse)
rElec    .         Harm     .   D - +0 cloak "Sidereal Awkwardness" {Melee, Range} (curse)
rCorr    .         Rampage  .   d - +0 pair of gloves "I Knew You'd Do That" {Cun, Self} (curse)
Will     +....     Clarity  +   (boots unavailable)
Stlth    ++++......             k - amulet "Sorrow of the Firmament" {Acrobat, Fort, Cun} (curse)
HPRegen  0.24/turn              z - ring of ice
MPRegen  0.00/turn              J - +4 ring of slaying

@: flying, very slightly contaminated
A: fire resistance 2, cold vulnerability 1, float, innate caster, hp casting,
extra vitality 1
a: Renounce Religion, Shatter the Chains


You were on level 11 of the Dungeon.
You worshipped Ashenzari.
Ashenzari was greatly pleased with you.
You visited 1 branch of the dungeon, and saw 11 of its levels.

You collected 592 gold pieces.

Inventory:

Hand Weapons
 b - a +1 vorpal flail
 m - a +2 mace of draining
 x - the cursed +2 whip "Lashed With Me" (weapon) {elec, Melee, Fort}
   (You took it off Pikel on level 5 of the Dungeon)

   Occasionally, upon striking a foe, it can discharge electrical energy and
   cause terrible harm.
   It has a curse which improves the following skills: Melee Combat: Short
   Blades, Long Blades, Axes, Maces & Flails, Polearms, Staves and Unarmed
   Combat.
   Fortitude: Armour and Shields.
 y - a +5 trident of flaming
Missiles
 i - 193 stones
 G - a curare-tipped dart
Armour
 c - the cursed +0 robe of the Perceptive God (worn) {Cun, Self}

   It has a curse which improves the following skills: Cunning: Dodging and
   Stealth.
   Introspection: Fighting and Spellcasting.
 d - the cursed +0 pair of gloves "I Knew You'd Do That" (worn) {Cun, Self}
   (You found it on level 1 of the Dungeon)

   It has a curse which improves the following skills: Cunning: Dodging and
   Stealth.
   Introspection: Fighting and Spellcasting.
 q - the cursed +0 helmet of Ashenzari's Idealism (worn) {Range, Melee}
   (You found it on level 4 of the Dungeon)

   It has a curse which improves the following skills: Ranged Combat: Slings,
   Bows, Crossbows and Throwing.
   Melee Combat: Short Blades, Long Blades, Axes, Maces & Flails, Polearms,
   Staves and Unarmed Combat.
 v - a +0 kite shield
 D - the cursed +0 cloak "Sidereal Awkwardness" (worn) {Melee, Range}
   (You took it off Maurice on level 8 of the Dungeon)

   It has a curse which improves the following skills: Melee Combat: Short
   Blades, Long Blades, Axes, Maces & Flails, Polearms, Staves and Unarmed
   Combat.
   Ranged Combat: Slings, Bows, Crossbows and Throwing.
 I - a +0 buckler (worn)
 L - +0 acid dragon scales
Jewellery
 k - the cursed amulet "Sorrow of the Firmament" (around neck) {Acrobat, Fort, Cun}
   (You took it off a hobgoblin on level 2 of the Dungeon)

   [amulet of the acrobat]

   It helps you evade while moving and waiting.
   It has a curse which improves the following skills: Fortitude: Armour and
   Shields.
   Cunning:   Dodging and Stealth.
 z - a ring of ice (right hand)
 J - a +4 ring of slaying (left hand)
 N - an amulet of reflection
Wands
 p - a wand of flame (55)
 w - a wand of polymorph (7)
 C - a wand of mindburst (17)
 F - a wand of random effects (17)
 H - a wand of acid (11)
Scrolls
 f - 4 scrolls of teleportation
 h - 6 scrolls of fog
 j - 3 scrolls of silence
 l - 5 scrolls of immolation
 n - a scroll of enchant armour
 t - 2 scrolls of magic mapping
 u - 2 scrolls of fear
 B - 2 scrolls of vulnerability
 K - a scroll of summoning
Potions
 a - 5 potions of curing
 e - a potion of berserk rage
 g - a potion of cancellation
 o - 4 potions of haste
 r - a potion of heal wounds
 s - a potion of mutation
 A - 2 potions of brilliance
 E - 2 potions of lignification
 M - a potion of might


   Skills:
 + Level 8.8(12.2) Fighting
 + Level 6.8(11.3) Maces & Flails
 + Level 4.9(8.3) Armour
 + Level 5.9(10.4) Dodging
 + Level 4.7(9.1) Stealth
 + Level 4.7(8.1) Shields
 + Level 8.0(11.5) Spellcasting
 + Level 4.3 Evocations


You had 6 spell levels left.
You knew the following spells:

 Your Spells              Type           Power      Damage    Failure   Level
a - Sandblast             Erth           100%       2d20      1%          1
b - Passwall              Tmut/Erth      45%        N/A       1%          2
c - Stone Arrow           Conj/Erth      100%       3d13      1%          3
d - Petrify               Tmut/Erth      55%        N/A       1%          4
e - Lee's Rapid Deconstr  Erth           27%        3d16*     1%          5
f - Pain                  Necr           100%       1d9       1%          1
g - Slow                  Hex            55%        N/A       1%          2
h - Blink                 Tloc           N/A        N/A       1%          2
i - Lesser Beckoning      Tloc           27%        N/A       1%          3
j - Animate Armour        Summ/Erth      100%       N/A       1%          4
Your spell library was empty.

Dungeon Overview and Level Annotations

Branches:
Dungeon (11/15)            Temple (0/1) D:5            Lair (0/6) D:10
    Orc (0/2) D:9

Altars:
Ashenzari
Cheibriados
Gozag
Makhleb
Nemelex Xobeh
Okawaru
Ru
Sif Muna
Trog
Uskayaw
Vehumet
Wu Jian
Xom
Yredelemnul
The Shining One

Annotations:
D:6 3 runed translucent doors, CypherZel's ghost, weakling FeDe


Innate Abilities, Weirdness & Mutations

You are immune to poison.
Your flesh is very heat resistant. (rF++)
You are vulnerable to cold. (rC-)
You float through the air rather than walking.
You learn spells naturally, not from books.
Your magical power is your life essence.
You have superior vitality. (+4 HP)


Message History

The stone arrow hits the ice dragon!
The ice dragon is severely wounded.
The ice dragon misses you. You block the ice dragon's attack.
The ice dragon completely misses you.
Casting: Stone Arrow (safe; 1% risk of failure)
Confirm with . or Enter, or press ? or * to list all spells.
Aiming: Stone Arrow (safe; 1% risk of failure)
Press: ? - help, Shift-Dir - straight line, f/p - ice dragon
Aim: an ice dragon (severely wounded, 16% to evade)
The stone arrow hits the ice dragon!!
The ice dragon is almost dead.
The ice dragon breathes frost at you. The blast of cold hits you!!
Casting: Stone Arrow (safe; 1% risk of failure)
Confirm with . or Enter, or press ? or * to list all spells.
Aiming: Stone Arrow (safe; 1% risk of failure)
Press: ? - help, Shift-Dir - straight line, f/p - ice dragon
Aim: an ice dragon (almost dead, catching its breath, 16% to evade)
The stone arrow hits the ice dragon!
The ice dragon is almost dead.
You block the ice dragon's attack. The ice dragon claws you.
* * * LOW HITPOINT WARNING * * *
The ice dragon tramples you!
* * * LOW HITPOINT WARNING * * *
You hold your ground!
Casting: Stone Arrow (safe; 1% risk of failure)
Confirm with . or Enter, or press ? or * to list all spells.
Aiming: Lee's Rapid Deconstruction (dangerous; 1% risk of failure)
Press: ? - help, Dir - move target, p - ice dragon A rock wall.
You miscast Lee's Rapid Deconstruction.
You are very lightly contaminated with residual magic.
Nothing appears to happen.
* * * LOW HITPOINT WARNING * * *
The ice dragon bites you.
* * * LOW HITPOINT WARNING * * *
The ice dragon claws you.
* * * LOW HITPOINT WARNING * * *
The ice dragon tramples you.
You die...

##...>.....######.#......
##.#######.######.#.###.#
##.#######...........##.#
##.#######..#####.....#.#
##.###......#####.......#
##.###.###.### ###.#####
##.###.###.## ##.#####
##.###.###.# ##.###
##......@..# ##'#####
########D### ##...###.
########.## * ##.....#..
, ..... , #.........
##...*,*#.......... *∆
*..... .'.......... ,*
#...#.##..........
#..##.###.......#. , ##.#
# ##.....##.


You could see an ice dragon (catching breath).

Vanquished Creatures
  A yaktaur captain (D:11)
  A hydra (D:11)
  A two-headed ogre (D:6)
  Pikel (D:5)
  A cyclops (D:11)
  Joseph (D:7)
  Maurice (D:8)
  A centaur zombie (D:10)
  An ice statue (D:11)
  A komodo dragon (D:10)
  A tengu conjurer (D:11)
  2 trolls
  11 yaks
  A wyvern (D:10)
  2 wraiths (D:10)
  A human (D:9)
  2 basilisks
  Grum (D:8)
  2 acid dragons
  A water moccasin (D:6)
  6 orc warriors
  A sky beast (D:6)
  3 black bears
  An ogre (D:7)
  5 centaurs
  2 wolves (D:8)
  2 kobold brigands
  Blork the orc (D:4)
  2 gnoll sergeants
  10 killer bees
  4 wights (D:7)
  2 howler monkeys
  2 jellies
  A crimson imp (D:6)
  A bullfrog zombie (D:6)
  A gnoll shaman (D:7)
  10 orc priests
  A bullfrog skeleton (D:6)
  A centaur skeleton (D:6)
  2 iguanas (D:4)
  16 orc wizards
  3 worker ants
  A killer bee zombie (D:6)
  A hound skeleton (D:5)
  A howler monkey zombie (D:9)
  18 gnolls
  5 adders
  A shadow imp (D:5)
  A white imp (D:7)
  3 ufetubi
  2 worms (D:2)
  2 dart slugs
  41 orcs
  18 bats
  8 endoplasms
  5 giant cockroaches
  3 goblins
  6 hobgoblins
  7 jackals (D:1)
  13 kobolds
  5 quokkas
  7 ball pythons
  2 frilled lizards
  4 rats (D:1)
265 creatures vanquished.

Notes
Turn   | Place    | Note
-------+----------+-------------------------------------------
     0 | D:1      | tsouns the Djinni Earth Elementalist began the quest for
                  | the Orb.
     0 | D:1      | Reached XP level 1. HP: 15/15 MP: 0/0
   116 | D:1      | Found a broken altar of Ashenzari.
   124 | D:1      | Reached skill level 1 in Fighting
   124 | D:1      | Reached XP level 2. HP: 18/22 MP: 0/0
   127 | D:1      | Became a worshipper of Ashenzari the Shackled
   566 | D:1      | Reached XP level 3. HP: 10/27 MP: 0/0
   566 | D:1      | Learned a level 1 spell: Pain
  2478 | D:2      | Reached XP level 4. HP: 28/33 MP: 0/0
  3428 | D:3      | Reached XP level 5. HP: 38/40 MP: 0/0
  3428 | D:3      | Learned a level 2 spell: Slow
  4084 | D:3      | Found a bloodstained altar of Trog.
  4132 | D:3      | Found a snail-covered altar of Cheibriados.
  4429 | D:4      | Reached * piety under Ashenzari
  4510 | D:4      | Noticed Blork the orc
  4534 | D:4      | Killed Blork the orc
  4535 | D:4      | Reached skill level 1 in Maces & Flails
  4535 | D:4      | Reached XP level 6. HP: 13/48 MP: 0/0
  5058 | D:5      | Entered Level 5 of the Dungeon
  5112 | D:5      | Noticed a black bear
  5117 | D:5      | Killed a black bear
  5314 | D:5      | Found a staircase to the Ecumenical Temple.
  5409 | D:5      | Reached XP level 7. HP: 47/54 MP: 0/0
  5409 | D:5      | Learned a level 2 spell: Blink
  5631 | D:5      | Reached ** piety under Ashenzari
  5775 | D:5      | Noticed Pikel
  5783 | D:5      | Killed Pikel
  5784 | D:5      | Reached skill level 5 in Fighting
  5784 | D:5      | Reached skill level 5 in Spellcasting
  5784 | D:5      | Reached XP level 8. HP: 31/64 MP: 0/0
  6850 | D:6      | HP: 2/64 [gnoll sergeant/+5 trident of flaming (2)]
  7632 | D:6      | Found a burning altar of Makhleb.
  8263 | D:6      | Noticed a two-headed ogre
  8273 | D:6      | HP: 1/66 [two-headed ogre/+0 giant spiked club (19)]
  8319 | D:6      | Killed a two-headed ogre
  8320 | D:6      | Reached skill level 5 in Maces & Flails
  8320 | D:6      | Reached XP level 9. HP: 5/73 MP: 0/0
  8320 | D:6      | Learned a level 3 spell: Lesser Beckoning
  8732 | D:6      | Found a glowing golden altar of the Shining One.
  8804 | D:6      | Found a runed translucent gate.
  8804 | D:6      | Found a runed translucent gate.
  8804 | D:6      | Found a runed translucent gate.
  8805 | D:6      | Found an opulent altar of Gozag.
  8806 | D:6      | Noticed a four-headed hydra
  8807 | D:6      | Noticed CypherZel's ghost (weakling FeDe)
  9305 | D:7      | Found an iron altar of Okawaru.
  9318 | D:7      | Found a sparkling altar of Nemelex Xobeh.
  9322 | D:7      | Reached *** piety under Ashenzari
  9407 | D:7      | Noticed Joseph
  9426 | D:7      | Killed Joseph
  9427 | D:7      | Reached skill level 1 in Armour
  9427 | D:7      | Reached skill level 1 in Shields
 10246 | D:8      | Noticed Grum
 10249 | D:8      | Killed Grum
 10250 | D:8      | Reached XP level 10. HP: 56/81 MP: 0/0
 10456 | D:8      | Reached skill level 1 in Evocations
 10639 | D:8      | Found a hide-covered altar of Uskayaw.
 10659 | D:8      | Found a shimmering altar of Xom.
 10663 | D:8      | Found a sacrificial altar of Ru.
 11112 | D:8      | Found a basalt altar of Yredelemnul.
 11136 | D:8      | Noticed Maurice
 11143 | D:8      | Killed Maurice
 11846 | D:9      | Found an ornate altar of the Wu Jian Council.
 11897 | D:9      | Found a staircase to the Orcish Mines.
 13317 | D:9      | Found a glowing golden altar of the Shining One.
 13450 | D:10     | Entered Level 10 of the Dungeon
 13671 | D:10     | Reached XP level 11. HP: 84/87 MP: 0/0
 13671 | D:10     | Learned a level 4 spell: Animate Armour
 13945 | D:10     | Reached skill level 5 in Dodging
 14914 | D:10     | Found a staircase to the Lair.
 15130 | D:11     | Noticed a five-headed hydra
 15133 | D:11     | Killed a five-headed hydra
 15282 | D:11     | Reached **** piety under Ashenzari
 15337 | D:11     | Noticed a cyclops
 15342 | D:11     | Found an iron altar of Okawaru.
 15342 | D:11     | Found a snail-covered altar of Cheibriados.
 15342 | D:11     | Noticed an ice dragon
 15354 | D:11     | Killed a cyclops
 15354 | D:11     | Noticed a yaktaur captain
 15365 | D:11     | Killed a yaktaur captain
 15838 | D:11     | HP: 2/89 [something (20)]
 16271 | D:11     | HP: 4/89 [ice dragon (5)]
 16271 | D:11     | Slain by an ice dragon

Illustrated notes

Levels and vault maps discovered:
D:1:      mrwooster_arrival_arrow, layout_rooms, ashenzari_altar_1
D:2:      layout_basic, minmay_circled_x
D:3:      layout_loops_ring, nicolae_overflow_hidden_temple, marbit_many_paths
D:4:      layout_rooms, hangedman_decor_slide_cut, uniq_blork_the_orc
D:5:      layout_gridville, minmay_temple_entry_statues_fountains,
          roderic_batcave, uniq_pikel
D:6:      layout_basic, grunt_temple_overflow_lords_of_destruction,
          nicolae_overflow_crystal_walls, serial_curves, eino_curves_03,
          eino_curves_04, eino_curves_04, eino_curves_03, ebering_ghost_gozag
D:7:      layout_cave_pools, okawaru_gym_becter, lemuel_doored_altar,
          amcnicky_mini_corridor_feature, uniq_joseph
D:8:      layout_loops_corners, grunt_temple_overflow_open,
          kennysheep_mini_moat, general_overflow_altar, uniq_grum, uniq_maurice
D:9:      layout_irregular_city, pdpol_wu_jian_five_deadly_venoms, erik_orc_4,
          tso_altar
D:10:     layout_rooms, erik_lair_dragon
D:11:     minmay_separated_statues, layout_loops_corners,
          ebering_ghost_disaster_area, jmf_multi_god_temple

Skill      XL: |  1  2  3  4  5  6  7  8  9 10 11 |
---------------+----------------------------------+-----
Fighting       | 1 2 3 4 5 7 8 |  8.8
Spellcasting   | 3 4 5 6 7 8 |  8.0
Maces & Flails | 1 2 3 5 6 |  6.8
Armour         | 2 3 4 |  4.9
Stealth        | 2 3 4 |  4.7
Shields        | 2 3 4 |  4.7
Dodging        | 3 4 5 |  5.9
Evocations     | 2 4 |  4.3

Action                   |  1- 3 |  4- 6 |  7- 9 | 10-12 || total
-------------------------+-------+-------+-------+-------++-------
Melee: Unarmed           |    15 |       |       |       ||    15
       Club              |     9 |       |       |       ||     9
       Mace              |       |    20 |       |       ||    20
       Whip              |       |       |    69 |     7 ||    76
 Cast: Sandblast         |    32 |    24 |     2 |       ||    58
       Stone Arrow       |    35 |    28 |    50 |    68 ||   181
       Petrify           |       |     5 |    13 |    13 ||    31
       Pain              |       |     3 |     8 |       ||    11
       Slow              |       |     1 |       |       ||     1
       Lee's Rapid Decon |       |       |    32 |    91 ||   123
       Blink             |       |       |     1 |       ||     1
Invok: Curse Item        |       |     2 |     3 |     1 ||     6
 Stab: Petrified         |       |     5 |    35 |       ||    40
       Sleeping          |       |     1 |     2 |       ||     3
Armor: Robe              |    18 |     6 |    18 |     4 ||    46
Dodge: Dodged            |    31 |    14 |    60 |    35 ||   140
Block: Buckler           |       |       |       |     4 ||     4

Table legend: (Time is in decaauts)
 A = Elapsed time spent in this place.
 B = Non-inter-level travel time spent in this place.
 C = Inter-level travel time spent in this place.
 D = Time resting spent in this place.
 E = Time spent auto-exploring this place.
 F = Levels seen in this place.
 G = Mean time per level.
                   A        B        C        D        E       F      G
               +--------+--------+--------+--------+--------+-----+--------+
         Total |  16273 |  16055 |    218 |    877 |  13569 |  11 | 1479.4 |
       Dungeon |  16273 |  16055 |    218 |    877 |  13569 |  11 | 1479.4 |
               +--------+--------+--------+--------+--------+-----+--------+

Top non-repeatable levels by time:
     D:5: 2476 daAuts
     D:8: 2057 daAuts
     D:1: 1991 daAuts
     D:9: 1493 daAuts
    D:10: 1451 daAuts
     D:2: 1398 daAuts
     D:6: 1378 daAuts
     D:7: 1198 daAuts
    D:11: 1152 daAuts
     D:3: 937 daAuts
     D:4: 737 daAuts
